 Dungeon Crawl Stone Soup version 0.16-a0-282-ga87e286 (webtiles) character file.

100 Kashira the Shooter (level 4, -3/35 HPs)
             Began as a Centaur Hunter on Aug 27, 2014.
             Killed from afar by a hobgoblin (28 damage)
             ... with an exploding inner flame
             ... hexed by the player character
             ... on Level 3 of the Dungeon.
             The game lasted 00:13:23 (2114 turns).

Kashira the Shooter (Centaur Hunter)                Turns: 2114, Time: 00:13:23

HP  -3/35        AC 13     Str 14      XL: 4   Next: 47%
MP   3/3         EV  1     Int 10      God:
Gold 38          SH  0     Dex 11      Spells:  0 memorised,  3 levels left

rFire  . . .     SeeInvis .     a - +0 short sword
rCold  . . .     Clarity  .     h - +4 plate armour
rNeg   . . .     rCorr    .     (no shield)
rPois  .         rRot     .     (no helmet)
rElec  .         Spirit   .     (no cloak)
SustAb .         Warding  .     l - +0 pair of gloves
rMut   .         Stasis   .     (no barding)
Gourm  .                        (no amulet)
MR     .....                    (no ring)
                                (no ring)

@: very quick, not resistant to hostile enchantments, extremely unstealthy
A: hooves 3, deformed body, speed 2, tough skin 3
a: no special abilities


You were on level 3 of the Dungeon.
You were not hungry.

You visited 1 branch of the dungeon, and saw 3 of its levels.

You collected 38 gold pieces.

Inventory:

Hand weapons
 a - a +0 short sword (weapon)
 b - a +1 shortbow
Missiles
 c - 43 arrows
 k - 5 tomahawks (quivered)
 p - 38 sling bullets
Armour
 d - a +0 leather armour
 h - a +4 plate armour (worn)
 l - a +0 pair of gloves (worn)
 n - a +0 buckler
Comestibles
 f - 3 bread rations
 m - a meat ration
Scrolls
 e - a scroll of immolation
 g - a scroll of random uselessness {unknown}
 i - a scroll of amnesia {unknown}
 j - a scroll of remove curse {unknown}
 r - a scroll of identify
Potions
 o - 3 potions of degeneration {unknown}
 q - a potion of heal wounds {unknown}


   Skills:
 + Level 1.6 Fighting
 + Level 7.1 Bows
 + Level 0.7 Armour
 + Level 1.8 Dodging
 + Level 0.5 Stealth


You had 3 spell levels left.
You didn't know any spells.

Dungeon Overview and Level Annotations

Branches:
Dungeon (3/15)

Altars:


Innate Abilities, Weirdness & Mutations

You have hooves in place of feet.
Armour fits poorly on your strangely shaped body.
You cover ground very quickly.
You have extremely tough skin (AC +3).


Message History

You slice the net and break free! The hobgoblin hits you.
Your plate armour prevents you from hitting the hobgoblin.
The hobgoblin hits you but does no damage.
You completely miss the hobgoblin.
The hobgoblin hits you but does no damage.
Read which item? (? for menu, Esc to quit)
As you read the scroll labeled RULACSA HELYANINID, it crumbles to dust.
The creatures around you are filled with an inner flame!
It was a scroll of immolation.
The hobgoblin hits you but does no damage.
You barely miss the hobgoblin. Your kick misses the hobgoblin.
The hobgoblin hits you but does no damage.
You hit the hobgoblin.
The hobgoblin is severely wounded.
The hobgoblin hits you but does no damage.
You hit the hobgoblin.
The hobgoblin explodes!
The fiery explosion engulfs you!
Ouch! That really hurt!
You die...

.....!....#
.....8.....#
........<..#
.....8.....#
......(...#
#+##..8..##
#.#.....##..
#§#§(.......%
#@§g.........
###g.....####
#......#
#......##♣♣♣
#..%.......♣
#.<.........
#####......
#....♣ ###♣♣


You could see 2 gnolls.

Vanquished Creatures
  2 adders (D:2)
  A gnoll (D:3)
  A worm (D:2)
  4 giant geckos
  2 oozes
  A ball python (D:2)
  5 giant cockroaches
  6 goblins
  5 hobgoblins
  10 jackals
  A quokka (D:3)
  7 bats
  3 giant newts
  5 kobolds
  5 rats
58 creatures vanquished.

Notes
Turn   | Place    | Note
--------------------------------------------------------------
     0 | D:1      | Kashira, the Centaur Hunter, began the quest for the Orb.
     0 | D:1      | Reached XP level 1. HP: 16/16 MP: 1/1
   174 | D:1      | Reached XP level 2. HP: 7/23 MP: 2/2
   507 | D:1      | Reached skill level 6 in Bows
  1107 | D:2      | Reached XP level 3. HP: 28/28 MP: 3/3
  1717 | D:2      | Reached XP level 4. HP: 32/35 MP: 3/3
  1902 | D:2      | Reached skill level 7 in Bows
  2114 | D:3      | Killed from afar by a hobgoblin

Action                   |  1- 3 |  4- 6 || total
-------------------------+-------+-------++-------
Melee: Short sword       |    32 |    41 ||    73
 Fire: Shortbow          |   132 |    18 ||   150
Throw: Tomahawk          |       |     1 ||     1
  Use: Scroll            |     2 |     1 ||     3
  Eat: Chunk             |     1 |     1 ||     2
